| TOP OF THE 1ST |
|
Beloit Snappers batting - Pitching for West Michigan Whitecaps : RHP Chris Wilkerson
|
|
Pitching: RHP Chris Wilkerson
|
|
|
Batting: RHB Manny Moron
|
0-0: Ball 1-0: Ball 2-0: Called Strike 2-1: Ball 3-1: Ground out 5-3 (Groundball, 56S, EV 73.8 MPH)
|
|
Batting: RHB Mike Gangi
|
0-0: Ball 1-0: Foul Ball, location: 2F 1-1: Foul Ball, location: 2F 1-2: Foul Ball, location: 2F 1-2: Hit by Pitch
|
|
Batting: LHB Nate Melendez
|
0-0: Ball 1-0: Foul Ball, location: 2F 1-1: Called Strike 1-2: Ball 2-2: Foul Ball, location: 2F 2-2: Foul Ball, location: 2F 2-2: Ball 3-2: Base on Balls Mike Gangi to second
|
|
Batting: RHB Chris Temple
|
0-0: Foul Ball, location: 2F 0-1: Swinging Strike 0-2: Foul Ball, location: 2F 0-2: Strikes out swinging
|
|
Batting: RHB Walt Alaniz
|
0-0: Foul Ball, location: 2F 0-1: Ball 1-1: Foul Ball, location: 2F 1-2: Foul Ball, location: 2F 1-2: Ground out 3-1 (Groundball, 13, EV 76.9 MPH)
|
| Top of the 1st over - 0 runs, 0 hits, 0 errors, 2 left on base; Beloit 0 - West Michigan 0 |
| BOTTOM OF THE 1ST |
|
West Michigan Whitecaps batting - Pitching for Beloit Snappers : RHP Caleb Hansberger
|
|
Pitching: RHP Caleb Hansberger
|
|
|
Batting: LHB Timotheus Young
|
0-0: Ball 1-0: Ball 2-0: Called Strike 2-1: Ground out 6-3 (Groundball, 6MS, EV 65.6 MPH)
|
|
Batting: RHB Yankel Pensak
|
0-0: Ball 1-0: Ball 2-0: Called Strike 2-1: Ground out 6-3 (Groundball, 6, EV 85.0 MPH)
|
|
Batting: LHB Brad Gaskill
|
0-0: Ground out U3 (Groundball, 3, EV 88.1 MPH)
|
| Bottom of the 1st over - 0 runs, 0 hits, 0 errors, 0 left on base; Beloit 0 - West Michigan 0 |
| TOP OF THE 2ND |
|
Beloit Snappers batting - Pitching for West Michigan Whitecaps : RHP Chris Wilkerson
|
|
Batting: RHB Shannon Beck
|
0-0: Called Strike 0-1: Called Strike 0-2: Strikes out swinging
|
|
Batting: RHB Emiel Schlepers
|
0-0: Ball 1-0: Swinging Strike 1-1: Called Strike 1-2: Strikes out swinging, 2-3 out at first.
|
|
Batting: RHB Moses Brokken
|
0-0: Ball 1-0: Ball 2-0: Fly out, F7 (Line Drive, 7, EV 92.5 MPH)
|
| Top of the 2nd over - 0 runs, 0 hits, 0 errors, 0 left on base; Beloit 0 - West Michigan 0 |
| BOTTOM OF THE 2ND |
|
West Michigan Whitecaps batting - Pitching for Beloit Snappers : RHP Caleb Hansberger
|
|
Batting: RHB Aaron Cusick
|
0-0: SINGLE (Groundball, 56S, EV 62.5 MPH) (infield hit)
|
|
Batting: RHB Kevin Steed
|
0-0: SINGLE (Groundball, 34D, EV 105.0 MPH) Aaron Cusick to second Runner from 2nd tries for 3rd, SAFE, throw by RF made to third Kevin Steed to second
|
|
Batting: RHB Juan Acero
|
0-0: Ball 1-0: Ball 2-0: Called Strike 2-1: Fly out, F8 (Flyball, 78XD, EV 110.6 MPH) Runner from 3rd tags up, SCORES, no throw by CF
|
|
Batting: RHB Jose Evangelista
|
0-0: Called Strike 0-1: Ball 1-1: Ground out 6-3 (Groundball, 56, EV 84.4 MPH)
|
|
Batting: SHB Ian Arlotta
|
0-0: Called Strike 0-1: Swinging Strike 0-2: Ball 1-2: Ball Wild Pitch! Kevin Steed to third 2-2: Strikes out swinging
|
| Bottom of the 2nd over - 1 run, 2 hits, 0 errors, 1 left on base; Beloit 0 - West Michigan 1 |
| TOP OF THE 3RD |
|
Beloit Snappers batting - Pitching for West Michigan Whitecaps : RHP Chris Wilkerson
|
|
Batting: RHB Tim Anderson
|
0-0: Called Strike 0-1: Ball 1-1: SINGLE (Groundball, 34D, EV 105.0 MPH)
|
|
Batting: RHB Manny Moron
|
0-0: Ball 1-0: Ball 2-0: Ball 3-0: Called Strike 3-1: Base on Balls Tim Anderson to second
|
|
Batting: RHB Mike Gangi
|
0-0: Swinging Strike 0-1: Foul Ball, location: 2F 0-2: Fly out, F8 (Flyball, 8LXD, EV 101.9 MPH) Runner from 2nd tags up, SAFE at 3rd, no throw by CF
|
|
Batting: LHB Nate Melendez
|
0-0: Called Strike Manny Moron steals 2nd base 0-1: Fly out, F5 (Popup, 25, EV 86.2 MPH)
|
|
Batting: RHB Chris Temple
|
0-0: Ball 1-0: Foul Ball, location: 2F 1-1: Ball 2-1: Ball 3-1: Called Strike 3-2: Foul Ball, location: 2F 3-2: SINGLE (Groundball, 5D, EV 95.0 MPH) Tim Anderson scores Manny Moron to third Runner from 3rd tries for Home, throw by LF and OUT! 7-2
|
| Top of the 3rd over - 1 run, 2 hits, 0 errors, 1 left on base; Beloit 1 - West Michigan 1 |
| BOTTOM OF THE 3RD |
|
West Michigan Whitecaps batting - Pitching for Beloit Snappers : RHP Caleb Hansberger
|
|
Batting: RHB Jeremiah Washington
|
0-0: Ball 1-0: Foul Ball, location: 2F 1-1: Ball 2-1: Ball 3-1: Ground out 4-3 (Groundball, 4, EV 103.1 MPH)
|
|
Batting: LHB Timotheus Young
|
0-0: Ball 1-0: Called Strike 1-1: Ball 2-1: Ground out 5-3 (Groundball, 56S, EV 88.1 MPH)
|
|
Batting: RHB Yankel Pensak
|
0-0: Foul Ball, location: 2F 0-1: Fly out, F7 (Flyball, 7, EV 98.8 MPH)
|
| Bottom of the 3rd over - 0 runs, 0 hits, 0 errors, 0 left on base; Beloit 1 - West Michigan 1 |
| TOP OF THE 4TH |
|
Beloit Snappers batting - Pitching for West Michigan Whitecaps : RHP Chris Wilkerson
|
|
Batting: RHB Walt Alaniz
|
0-0: DOUBLE (Line Drive, 7LM, EV 107.5 MPH)
|
|
Batting: RHB Shannon Beck
|
0-0: Called Strike 0-1: Foul Ball, location: 2F 0-2: Strikes out swinging
|
|
Batting: RHB Emiel Schlepers
|
0-0: Ball 1-0: Ball 2-0: Ground out 3-1 (Groundball, 34, EV 85.0 MPH) Walt Alaniz to third
|
|
Batting: RHB Moses Brokken
|
0-0: Fly out, F8 (Flyball, 78M, EV 80.6 MPH)
|
| Top of the 4th over - 0 runs, 1 hit, 0 errors, 1 left on base; Beloit 1 - West Michigan 1 |
| BOTTOM OF THE 4TH |
|
West Michigan Whitecaps batting - Pitching for Beloit Snappers : RHP Caleb Hansberger
|
|
Batting: LHB Brad Gaskill
|
0-0: DOUBLE (Groundball, 3L, EV 96.2 MPH)
|
|
Batting: RHB Aaron Cusick
|
0-0: Ground out 4-3 (Groundball, 4D, EV 86.9 MPH) Brad Gaskill to third
|
|
Batting: RHB Kevin Steed
|
0-0: Swinging Strike 0-1: Ball 1-1: Ball 2-1: Called Strike 2-2: Strikes out swinging
|
|
Batting: RHB Juan Acero
|
0-0: Called Strike 0-1: Called Strike 0-2: Ground out 6-3 (Groundball, 6, EV 92.5 MPH)
|
| Bottom of the 4th over - 0 runs, 1 hit, 0 errors, 1 left on base; Beloit 1 - West Michigan 1 |
| TOP OF THE 5TH |
|
Beloit Snappers batting - Pitching for West Michigan Whitecaps : RHP Chris Wilkerson
|
|
Batting: RHB Tim Anderson
|
0-0: Called Strike 0-1: Ball 1-1: Swinging Strike 1-2: Ground out 3-1 (Groundball, 34, EV 110.0 MPH)
|
|
Batting: RHB Manny Moron
|
0-0: Called Strike 0-1: Foul Ball, location: 2F 0-2: Hit by Pitch
|
|
Batting: RHB Mike Gangi
|
0-0: Called Strike 0-1: SINGLE (Groundball, 56D, EV 101.9 MPH) Manny Moron to second
|
|
Batting: LHB Nate Melendez
|
0-0: Ground out 5-3 (Groundball, 5, EV 78.8 MPH) Manny Moron to third Mike Gangi to second
|
|
Batting: RHB Chris Temple
|
0-0: Ball 1-0: Called Strike 1-1: SINGLE (Groundball, 34D, EV 95.0 MPH) Manny Moron scores Mike Gangi to third Runner from 3rd tries for Home, SAFE, throw by RF to home
|
|
Batting: RHB Walt Alaniz
|
0-0: Ball 1-0: Called Strike 1-1: Ball 2-1: Ground out 4-3 (Groundball, 34, EV 85.6 MPH)
|
| Top of the 5th over - 2 runs, 2 hits, 0 errors, 1 left on base; Beloit 3 - West Michigan 1 |
| BOTTOM OF THE 5TH |
|
West Michigan Whitecaps batting - Pitching for Beloit Snappers : RHP Caleb Hansberger
|
|
Batting: RHB Jose Evangelista
|
0-0: Ball 1-0: Swinging Strike 1-1: Ball 2-1: Ball 3-1: Swinging Strike 3-2: Base on Balls
|
|
Batting: SHB Ian Arlotta
|
0-0: Fielders Choice at 2nd, 6-4 (Groundball, 6M, EV 107.5 MPH)
|
|
Batting: RHB Jeremiah Washington
|
0-0: Ball Ian Arlotta is caught stealing 2nd base 2-4 1-0: Called Strike 1-1: SOLO HOME RUN (Flyball, 78XD, EV 105.0 MPH), Distance : 415 ft
|
|
Batting: LHB Timotheus Young
|
0-0: Ball 1-0: Ball 2-0: Foul Ball, location: 2F 2-1: SINGLE (Groundball, 6M, EV 106.9 MPH)
|
|
Batting: RHB Yankel Pensak
|
0-0: Called Strike Timotheus Young steals 2nd base 0-1: Foul Ball, location: 2F 0-2: Foul Ball, location: 2F 0-2: Ground out U3 (Groundball, 3, EV 105.0 MPH)
|
| Bottom of the 5th over - 1 run, 2 hits, 0 errors, 1 left on base; Beloit 3 - West Michigan 2 |
| TOP OF THE 6TH |
|
Beloit Snappers batting - Pitching for West Michigan Whitecaps : RHP Chris Wilkerson
|
|
Batting: RHB Shannon Beck
|
0-0: Called Strike 0-1: Ball 1-1: Swinging Strike 1-2: Ball 2-2: Strikes out swinging
|
|
Pitching: RHP Juan Cornejo
|
|
|
Batting: RHB Emiel Schlepers
|
0-0: Called Strike 0-1: Called Strike 0-2: Ball 1-2: Ball 2-2: Ball 3-2: Foul Ball, location: 2F 3-2: DOUBLE (Line Drive, 7LS, EV 97.5 MPH)
|
|
Batting: RHB Moses Brokken
|
0-0: Intentional Walk
|
|
Batting: RHB Tim Anderson
|
0-0: Called Strike 0-1: Foul Ball, location: 2F 0-2: Ball 1-2: SINGLE (Groundball, 6MD, EV 107.5 MPH) Emiel Schlepers to third Moses Brokken to second
|
|
Batting: RHB Manny Moron
|
0-0: Foul Ball, location: 2F 0-1: Ball 1-1: Ball 2-1: Fly out, F7 (Flyball, 7D, EV 91.9 MPH) Runner from 3rd tags up, SCORES, no throw by LF Moses Brokken to third
|
|
Batting: RHB Mike Gangi
|
0-0: Called Strike 0-1: Ball 1-1: Ball 2-1: Swinging Strike 2-2: Foul Ball, location: 2F 2-2: Foul Ball, location: 2F 2-2: Ball 3-2: Foul Ball, location: 2F 3-2: Strikes out swinging
|
| Top of the 6th over - 1 run, 2 hits, 0 errors, 2 left on base; Beloit 4 - West Michigan 2 |
| BOTTOM OF THE 6TH |
|
West Michigan Whitecaps batting - Pitching for Beloit Snappers : RHP Caleb Hansberger
|
|
Batting: LHB Brad Gaskill
|
0-0: Reached on error, E3 (Groundball, 3, EV 81.9 MPH)
|
|
Batting: RHB Aaron Cusick
|
0-0: SINGLE (Line Drive, 9LS, EV 99.4 MPH) Brad Gaskill to second
|
|
Batting: RHB Kevin Steed
|
0-0: Foul Ball, location: 2F 0-1: Fly out, F7 (Flyball, 7, EV 95.6 MPH)
|
|
Batting: RHB Juan Acero
|
0-0: Called Strike 0-1: Foul Ball, location: 2F 0-2: Ball 1-2: Ball 2-2: Ball 3-2: Strikes out swinging
|
|
Batting: RHB Jose Evangelista
|
0-0: Ball 1-0: Foul Ball, location: 2F 1-1: Ball 2-1: Swinging Strike 2-2: Reached on error, E5 (Groundball, 5S, EV 88.8 MPH) Brad Gaskill scores Aaron Cusick to third
|
|
Batting: SHB Ian Arlotta
|
0-0: Swinging Strike 0-1: Ball 1-1: Reached on error, E3 (Groundball, 34, EV 101.9 MPH) Aaron Cusick scores Jose Evangelista to third
|
|
Batting: RHB Jeremiah Washington
|
0-0: Ball 1-0: Foul Ball, location: 2F 1-1: Foul Ball, location: 2F 1-2: Foul Ball, location: 2F 1-2: Fielders Choice at 2nd, 5-4 (Groundball, 56, EV 104.4 MPH)
|
| Bottom of the 6th over - 2 runs, 1 hit, 3 errors, 2 left on base; Beloit 4 - West Michigan 4 |
| TOP OF THE 7TH |
|
Beloit Snappers batting - Pitching for West Michigan Whitecaps : RHP Juan Cornejo
|
|
Pitching: LHP Victor Villarreal
|
|
|
Batting: LHB Nate Melendez
|
0-0: Ball 1-0: Fly out, F9 (Flyball, 89M, EV 81.9 MPH)
|
|
Batting: RHB Chris Temple
|
0-0: Foul Ball, location: 2F 0-1: Foul Ball, location: 2F 0-2: Strikes out swinging
|
|
Batting: RHB Walt Alaniz
|
0-0: Ground out 6-3 (Groundball, 6, EV 101.9 MPH)
|
| Top of the 7th over - 0 runs, 0 hits, 0 errors, 0 left on base; Beloit 4 - West Michigan 4 |
| BOTTOM OF THE 7TH |
|
West Michigan Whitecaps batting - Pitching for Beloit Snappers : RHP Caleb Hansberger
|
|
Pitching: RHP Marvin Rosas
|
|
|
Batting: LHB Timotheus Young
|
0-0: Swinging Strike 0-1: Ball 1-1: Ground out 6-3 (Groundball, 6, EV 82.5 MPH)
|
|
Batting: RHB Yankel Pensak
|
0-0: Called Strike 0-1: Called Strike 0-2: Ball 1-2: Strikes out swinging
|
|
Batting: LHB Brad Gaskill
|
0-0: Called Strike 0-1: Called Strike 0-2: Strikes out looking
|
| Bottom of the 7th over - 0 runs, 0 hits, 0 errors, 0 left on base; Beloit 4 - West Michigan 4 |
| TOP OF THE 8TH |
|
Beloit Snappers batting - Pitching for West Michigan Whitecaps : LHP Victor Villarreal
|
|
Batting: RHB Shannon Beck
|
0-0: Ball 1-0: Foul Ball, location: 2F 1-1: Ball 2-1: Ball 3-1: Foul Ball, location: 2F 3-2: Foul Ball, location: 2F 3-2: Fly out, F8 (Flyball, 8LD, EV 99.4 MPH)
|
|
Batting: RHB Emiel Schlepers
|
0-0: Foul Ball, location: 2F 0-1: Ball 1-1: Swinging Strike 1-2: Fly out, F8 (Flyball, 89D, EV 102.5 MPH)
|
|
Batting: RHB Moses Brokken
|
0-0: Swinging Strike 0-1: Fly out, F8 (Flyball, 78M, EV 83.1 MPH)
|
| Top of the 8th over - 0 runs, 0 hits, 0 errors, 0 left on base; Beloit 4 - West Michigan 4 |
| BOTTOM OF THE 8TH |
|
West Michigan Whitecaps batting - Pitching for Beloit Snappers : RHP Marvin Rosas
|
|
Batting: RHB Aaron Cusick
|
0-0: Ball 1-0: Called Strike 1-1: Foul Ball, location: 2F 1-2: Ball 2-2: Foul Ball, location: 2F 2-2: Ball 3-2: Foul Ball, location: 2F 3-2: Base on Balls
|
|
Batting: RHB Kevin Steed
|
0-0: Ball 1-0: Ball Aaron Cusick steals 2nd base 2-0: Called Strike 2-1: SINGLE (Line Drive, 4MD, EV 103.8 MPH) Aaron Cusick to third
|
|
Batting: RHB Juan Acero
|
0-0: Called Strike Kevin Steed steals 2nd, throwing error, E2 Aaron Cusick scores Kevin Steed to third 0-1: Ball 1-1: Ball 2-1: Foul Ball, location: 2F 2-2: Ball 3-2: Base on Balls
|
|
Batting: RHB Jose Evangelista
|
0-0: Ball Wild Pitch! Kevin Steed scores Juan Acero to second 1-0: DOUBLE (Flyball, 8RD, EV 96.9 MPH) Juan Acero scores
|
|
Pitching: RHP Alfonso Alvarado
|
|
|
Batting: SHB Ian Arlotta
|
0-0: Foul Ball, location: 2F 0-1: Ball 1-1: Called Strike 1-2: Strikes out swinging
|
|
Batting: RHB Jeremiah Washington
|
0-0: Called Strike 0-1: Ball 1-1: Ground out 4-3 (Groundball, 4S, EV 63.8 MPH) Jose Evangelista to third
|
|
Batting: LHB Timotheus Young
|
0-0: Called Strike 0-1: Foul Ball, location: 2F 0-2: Ball 1-2: Ball Passed Ball! Jose Evangelista scores 2-2: Ball 3-2: Strikes out swinging
|
| Bottom of the 8th over - 4 runs, 2 hits, 1 error, 0 left on base; Beloit 4 - West Michigan 8 |
| TOP OF THE 9TH |
|
Beloit Snappers batting - Pitching for West Michigan Whitecaps : LHP Victor Villarreal
|
|
Pitching: RHP Chris Kimura
|
|
|
Batting: RHB Tim Anderson
|
0-0: Ball 1-0: Ball 2-0: Ball 3-0: Called Strike 3-1: Foul Ball, location: 2F 3-2: Base on Balls
|
|
Batting: RHB Manny Moron
|
0-0: Called Strike 0-1: Fly out, F4 (Popup, 34, EV 74.4 MPH)
|
|
Batting: RHB Mike Gangi
|
0-0: Called Strike 0-1: Ball 1-1: Foul Ball, location: 2F 1-2: Ball 2-2: Ball 3-2: Base on Balls Tim Anderson to second
|
|
Pitching: RHP Denzel McPherson
|
|
|
Batting: LHB Nate Melendez
|
0-0: Ground out 5-3 (Groundball, 56, EV 93.8 MPH) Tim Anderson to third Mike Gangi to second
|
|
Batting: RHB Chris Temple
|
0-0: Ball 1-0: Ball 2-0: Called Strike 2-1: Ground out 6-3 (Groundball, 6, EV 82.5 MPH)
|
| Top of the 9th over - 0 runs, 0 hits, 0 errors, 2 left on base; Beloit 4 - West Michigan 8 |
|